 Dungeon Crawl Stone Soup version 0.25.0-10-g039870ee82 (webtiles) character file.

Game seed: 17675144252700802433

87 Lavandula the Bolt Thrower (level 4, -2/38 HPs)
             Began as a Naga Arcane Marksman on June 23, 2020.
             Was a Follower of Yredelemnul.
             Slain by a howler monkey (6 damage)
             ... on level 4 of the Dungeon.
             The game lasted 00:04:07 (693 turns).

Lavandula the Bolt Thrower (Naga Arcane Marksman)    Turns: 693, Time: 00:04:07

Health: -2/38      AC:  2    Str: 14    XL:     4   Next: 51%
Magic:  4/4        EV: 10    Int: 15    God:    Yredelemnul [*.....]
Gold:   99         SH:  0    Dex: 11    Spells: 4/5 levels left

rFire    . . .     SeeInvis +   a - +0 hand crossbow
rCold    . . .     Gourm    .   (no shield)
rNeg     . . .     Faith    .   e - +0 robe
rPois    +         Spirit   .   (no helmet)
rElec    .         Reflect  .   (no cloak)
rCorr    .         Harm     .   (no gloves)
MR       .....                  (no barding)
Stlth    +.........             (no amulet)
HPRegen  0.12/turn              (no ring)
MPRegen  0.09/turn              (no ring)

@: mighty, very slow
A: large, see invisible, clever 1, deformed body, low mp 1, poison resistance,
slowness 2, slow metabolism 1, spit poison 1, evolution 1, AC +1
a: Spit Poison, Animate Remains, Renounce Religion


You were on level 4 of the Dungeon.
You worshipped Yredelemnul.
Yredelemnul was aware of your devotion.
You were not hungry.

You visited 1 branch of the dungeon, and saw 4 of its levels.

You collected 99 gold pieces.

Inventory:

Hand Weapons
 a - a +0 hand crossbow (weapon)
 c - a +3 dagger
Missiles
 d - a bolt (quivered)
Armour
 e - a +0 robe (worn)
Scrolls
 h - a scroll of identify
Comestibles
 f - a ration


   Skills:
 - Level 1.0 Fighting
 + Level 4.2 Crossbows
 - Level 1.5 Dodging
 - Level 1.0 Spellcasting
 - Level 3.0 Hexes


You had 4 spell levels left.
You knew the following spells:

 Your Spells              Type           Power        Failure   Level  Hunger
a - Corona                Hex            #......      7%          1    ##.....

Your spell library contained the following spells:

 Spells                   Type           Power        Failure   Level  Hunger
 Slow                     Hex            #.......     11%         2    ###....
 Inner Flame              Hex/Fire       #.......     36%         3    ####...
 Portal Projectile        Hex/Tloc       #.....       36%         3    ####...
 Cause Fear               Hex            #.........   56%         4    #####..
 Leda's Liquefaction      Hex/Erth       #.........   78%         4    #####..


Dungeon Overview and Level Annotations

Branches:
Dungeon (3/15)

Altars:
Yredelemnul


Innate Abilities, Weirdness & Mutations

You cannot wear boots.
Your serpentine skin is tough. (AC +1)
You have supernaturally acute eyesight. (SInv)
Armour fits poorly on your strangely shaped body.
Your system is resistant to poisons. (rPois)
You cover ground very slowly.
You have a slow metabolism.
You can spit poison.
Your mind is acute. (Int +2)
Your magical capacity is low. (-10% MP)
You evolve.


Message History

Aim: a howler monkey You shoot a bolt.
The bolt hits the howler monkey!
The howler monkey is heavily wounded.
The howler monkey closely misses you.
The howler monkey completely misses you.
Firing (i - inventory)
d - 3 bolts (quivered)
Press: ? - help, Shift-Dir - straight line, f/p - howler monkey
Aim: a howler monkey (heavily wounded)
You shoot a bolt. The bolt hits the howler monkey.
The howler monkey is severely wounded.
The howler monkey hoots and howls with incredible vigour!
You hear a shout! x2
Firing (i - inventory)
d - 2 bolts (quivered)
Press: ? - help, Shift-Dir - straight line, f/p - howler monkey
Aim: a howler monkey (severely wounded, catching its breath)
You shoot a bolt.
The bolt barely misses the howler monkey.
The howler monkey misses you. The howler monkey hits you.
You die...
Your body rises from the dead as a mindless zombie.

###
....########
###.....@h(#
........##.#
#######.##.#
#.##.#
#.##.#
#.##.#
#.##.######
#.##....W.#
#.#######.#


You could see a howler monkey (catching breath).

Vanquished Creatures
  Terence (D:3)
  An iguana (D:4)
  2 adders
  An adder skeleton (D:4)
  A leopard gecko (D:4)
  2 orcs (D:4)
  A giant cockroach (D:4)
  2 goblins
  2 kobolds
  3 rats
16 creatures vanquished.

Notes
Turn   | Place    | Note
-------+----------+-------------------------------------------
     0 | D:1      | Lavandula the Naga Arcane Marksman began the quest for the
                  | Orb.
     0 | D:1      | Reached XP level 1. HP: 18/18 MP: 2/2
   110 | D:2      | Reached skill level 2 in Crossbows
   218 | D:3      | Found a faded altar of an unknown god.
   223 | D:3      | Became a worshipper of Yredelemnul the Dark
   223 | D:3      | Reached * piety under Yredelemnul
   235 | D:3      | hm ok
   274 | D:3      | Noticed Terence
   283 | D:3      | Reached XP level 2. HP: 22/25 MP: 3/3
   288 | D:3      | Killed Terence
   288 | D:3      | Reached skill level 3 in Crossbows
   288 | D:3      | Reached XP level 3. HP: 14/31 MP: 4/4
   310 | D:3      | You fall into a shaft and drop 1 floor!
   359 | D:4      | Reached skill level 4 in Crossbows
   359 | D:4      | Reached XP level 4. HP: 27/38 MP: 5/5
   643 | D:4      | Noticed a phantom
   675 | D:4      | Gained mutation: Your mind is acute. (Int +2) [potion of
                  | mutation]
   675 | D:4      | Gained mutation: Your magical capacity is low. (-10% MP)
                  | [potion of mutation]
   675 | D:4      | Gained mutation: You evolve. [potion of mutation]
   693 | D:4      | Slain by a howler monkey

Illustrated notes

#.P#...## #######
#8.#....# #.....#
#....._⌠# #.###.#
##..#.PP.# #...#.#
#.P.#..8##
#.#.#.####...#...#
#<..#...)....#####
######.......#####
+@.##8P.#...#
#...#♣..#...##
#...##..#P...#
#....#P.'...⌠#
#....#8P#.P..#
#....#.P#..8##
#....##.#...#
#.....#♣#####
#######


Turn 235 on D:3: hm ok

Levels and vault maps discovered:
D:1:      tarquinn_simple_flora_water_e, layout_loops_cross
D:2:      layout_basic, nicolae_qazlal_style_of_elements,
          nicolae_underground_beach
D:3:      layout_basic, kennysheep_okawaru_gauntlet,
          chequers_ecumenical_altar_lobes, uniq_terence
D:4:      minmay_polygon_palace, layout_loops_ring, first_ration,
          kennysheep_small_spiral, serial_bayou_pond_b, trog_book

Skill      XL: |  1  2  3 |
---------------+----------+-----
Crossbows      | 2 3 4 |  4.2
Fighting       | |  1.0
Dodging        | |  1.5
Spellcasting   | |  1.0
Hexes          | |  3.0

Action                   |  1- 3 |  4- 6 || total
-------------------------+-------+-------++-------
 Fire: Hand crossbow     |    15 |    23 ||    38
 Abil: Spit Poison       |     6 |     5 ||    11
  Use: Potion            |     1 |     3 ||     4
       Scroll            |       |     2 ||     2
Armor: Robe              |     1 |     6 ||     7
Dodge: Dodged            |     5 |    21 ||    26
